 Dungeon Crawl Stone Soup version 0.19-GnollCrawlA-1-g03664ee (webtiles) character file.

855 bananaken the Ducker (level 1, 0/16 HPs)
             Began as a Spriggan Monk on Feb 8, 2017.
             Was an Elder of Trog.
             Slain by a gnoll
             ... wielding a +4 halberd
              (16 damage)
             ... on level 6 of the Dungeon.
             The game lasted 00:35:12 (7425 turns).

bananaken the Ducker (Spriggan Monk)                Turns: 7425, Time: 00:35:13

Health: 0/16       AC:  4    Str: 12    XL:     1   Next: 0%
Magic:  11/11      EV: 20    Int: 11    God:    Trog [****..]
Gold:   369        SH:  0    Dex: 18    Spells: 0 memorised, 0 levels left

rFire  . . .     SeeInvis +     e - +3 spear (pierce)
rCold  . . .     Gourm    .     b - +1 robe
rNeg   . . .     Faith    .     (shield currently unavailable)
rPois  +         Spirit   .     (helmet restricted)
rElec  .         Dismiss  .     H - +0 cloak
rCorr  .         Reflect  .     (gloves unavailable)
SustAt .         Harm     .     (boots unavailable)
MR     .....                    (no amulet)
Stlth  ..........               o - ring of magical power
                                k - ring of poison resistance

@: berserking, very quick
A: unfitting armour, see invisible, herbivore 3, speed 3, slow metabolism 2
a: Berserk, Trog's Hand, Brothers in Arms, Burn Spellbooks, Renounce Religion


You were on level 6 of the Dungeon.
You worshipped Trog.
Trog was greatly pleased with you.
You were not hungry.

You visited 2 branches of the dungeon, and saw 7 of its levels.
You also visited: Sewer and Ossuary.

You collected 369 gold pieces.

Inventory:

Hand Weapons
 a - a +0 spear
 e - a +3 spear of piercing (weapon)
 g - a +0 hunting sling
 G - the +6 scimitar "Saeq" {slice, rPois rC- Int+3 Dex+3}
   (You found it in a sewer)

   It inflicts extra damage upon your enemies.
   It affects your intelligence (+3).
   It affects your dexterity (+3).
   It makes you vulnerable to cold.
   It protects you from poison.
Missiles
 w - 26 poisoned needles
 I - 4 tomahawks (quivered)
Armour
 b - a +1 robe (worn)
 H - a +0 cloak (worn)
Jewellery
 k - a ring of poison resistance (left hand)
 o - a ring of magical power (right hand)
Wands
 d - a wand of digging (5/24)
 i - a wand of slowing (23/48)
 p - a wand of paralysis (11/24)
 u - a wand of confusion (18/48)
 x - a wand of teleportation (5/9)
Scrolls
 h - 2 scrolls of fear
 l - 6 scrolls of remove curse
 n - a scroll of recharging {unknown}
 r - 2 scrolls of teleportation
 s - 2 scrolls of immolation {unknown}
 t - 2 scrolls of noise {unknown}
 v - a scroll of enchant weapon
 A - a scroll of fog {unknown}
Potions
 f - a potion of agility
 j - a potion of lignification
 m - a potion of cure mutation {unknown}
 z - a potion of magic
 B - 3 potions of curing {unknown}
 C - a potion of degeneration {unknown}
 D - a potion of berserk rage
 E - a potion of brilliance {unknown}
 F - 2 potions of might {unknown}
Comestibles
 c - 9 bread rations
 q - a royal jelly


   Skills:
 + Level 2.4 Fighting
 + Level 2.1 Polearms
 + Level 4.4 Dodging
 + Level 3.0 Stealth


You couldn't memorise any spells.
You didn't know any spells.

Dungeon Overview and Level Annotations

Branches:
Dungeon (6/15)             Temple (1/1) D:1

Altars:
Ashenzari
Dithmenos
Elyvilon
Fedhas
Gozag
Hepliaklqana
Kikubaaqudgha
Makhleb
Nemelex Xobeh
Okawaru
Pakellas
Qazlal
Ru
Sif Muna
Trog
Uskayaw
Vehumet
Xom
Yredelemnul
Zin
The Shining One


Innate Abilities, Weirdness & Mutations

You are tiny and cannot use many weapons and most armour.
You have supernaturally acute eyesight. (SInv)
You are a herbivore.
You cover ground extremely quickly.
You need consume almost no food.


Message History

Key pressed, stopping explore.
r - 2 scrolls of teleportation (gained 1) As you open the door, it creaks loudly!
Found a stone staircase leading down.
There is an open door here.
There is a stone staircase leading down here.
Found a leather armour.
A gnoll comes into view. It is wielding an enchanted halberd.
The gnoll shouts!
You see here a leather armour.
A red film seems to cover your vision as you go berserk!
You feel yourself moving faster!
You feel mighty!
Attack whom?
Press: ? - help, Dir - move target cursor, f - gnoll
Aim: a gnoll, wielding an enchanted halberd You reach to attack!
You hit the gnoll.
The gnoll is moderately wounded.
The gnoll hits you from afar with an enchanted halberd!
Ouch! That really hurt!
You die...

###.##.########
#......#
#.#.#### #.#.#
#.#.# #.#.#
#.#.# #.#.#
###############
#.#.#
#....[.@.g.....
..#.#
#.############.
###.# #.# #.#
#.# #.# #.# #.#
#.# #.######.#
#........#
##########


You could see a gnoll.

Vanquished Creatures
  84 gnolls
  The ghost of ofeo the Skirmisher, a weakling HOFi (D:5)
  The ghost of duckroller the Ruffian, a weakling TrMo of Yredelemnul (D:6)
  The ghost of randomNumberGod the Sneak, a weakling SpAs (D:4)
  20 gnoll skeletons (Ossuary)
  A gnoll zombie (Ossuary)
108 creatures vanquished.

Notes
Turn   | Place    | Note
-------+----------+-------------------------------------------
     0 | D:1      | bananaken the Spriggan Monk began the quest for the Orb.
     0 | D:1      | Reached XP level 1. HP: 11/11 MP: 2/2
     1 | D:1      | Found a staircase to the Ecumenical Temple.
    32 | Temple   | Entered the Ecumenical Temple
   174 | Temple   | Became a worshipper of Trog the Wrathful
   174 | Temple   | Reached * piety under Trog
   174 | Temple   | Reached ** piety under Trog
  2485 | D:2      | Found a burning altar of Makhleb.
  2725 | D:3      | Reached *** piety under Trog
  2747 | D:3      | Found a glowing silver altar of Zin.
  3941 | D:4      | Found a hazy altar of Hepliaklqana.
  3943 | D:4      | Noticed randomNumberGod's ghost (weakling SpAs)
  3949 | D:4      | Killed randomNumberGod's ghost
  4065 | D:4      | Found a sand-covered staircase.
  4071 | Ossuary  | Entered an ossuary
  4749 | D:4      | Found a stormy altar of Qazlal.
  4799 | D:4      | Found a shattered altar of Ashenzari.
  5111 | D:4      | Found a sacrificial altar of Ru.
  5474 | D:5      | Entered Level 5 of the Dungeon
  5476 | D:5      | Noticed ofeo's ghost (weakling HOFi)
  5635 | D:5      | Found a glowing drain.
  5652 | Sewer    | Entered a sewer
  5849 | Sewer    | Got a translucent scimitar
  5850 | Sewer    | Identified the +6 scimitar "Saeq" {slice, rPois rC- Int+3 Dex+3} (You found it in a sewer)
  6183 | D:5      | Killed ofeo's ghost
  6933 | D:6      | Reached **** piety under Trog
  6957 | D:6      | Noticed duckroller's ghost (weakling TrMo)
  7026 | D:6      | Killed duckroller's ghost
  7425 | D:6      | Slain by a gnoll

Action                   || total
-------------------------++-------
Melee: Spear             ||   431
Invok: Berserk           ||    34
       Burn Spellbooks   ||     1
       Trog's Hand       ||     1
Evoke: Wand              ||    24
  Use: Scroll            ||    13
       Potion            ||     3
 Stab: Paralysed         ||    11
       Sleeping          ||     5
       Confused          ||     2
Armor: Robe              ||     1
Dodge: Dodged            ||    67
